 Dungeon Crawl Stone Soup version 0.27.0-1-g7a089689b8 (webtiles) character file.

Game seed: 9094909381961653882

65 Thatpatchoflichen the Caller (level 3, -2/19 HPs)
             Began as a Deep Elf Summoner on Aug 7, 2021.
             Killed from afar by an orc wizard (5 damage)
             ... with a puff of flame
             ... on level 2 of the Dungeon.
             The game lasted 00:11:54 (3860 turns).

Thatpatchoflichen the Caller (Deep Elf Summoner)    Turns: 3860, Time: 00:11:55

Health: -2/19      AC:  6    Str:  5    XL:     3   Next: 94%
Magic:  2/10       EV: 10    Int: 20    God:
Gold:   48         SH:  0    Dex: 15    Spells: 4/10 levels left

rFire    . . .     SeeInvis .   f - +4 hand axe
rCold    . . .     Faith    .   (no shield)
rNeg     . . .     Spirit   .   g - +0 ring mail
rPois    .         Reflect  .   (no helmet)
rElec    .         Harm     .   (no cloak)
rCorr    .         Rampage  .   c - +0 pair of gloves
Will     .....                  (no boots)
Stlth    +.........             (no amulet)
HPRegen  0.06/turn              (no ring)
MPRegen  0.12/turn              (no ring)

@: very slightly contaminated
A: no striking features
a: no special abilities


You were on level 2 of the Dungeon.
You visited 1 branch of the dungeon, and saw 3 of its levels.

You collected 48 gold pieces.

Inventory:

Hand Weapons
 f - a +4 hand axe (weapon)
 i - a +0 whip
 m - a +0 short sword
Missiles
 h - 12 poisoned darts
 l - 8 boomerangs
Armour
 a - a +0 robe
 c - a +0 pair of gloves (worn)
 g - a +0 ring mail (worn)
 j - a +0 chain mail
Scrolls
 b - 2 scrolls of enchant weapon {unknown}
 d - 2 scrolls of identify {unknown}
 k - 2 scrolls of teleportation {unknown}
Potions
 e - a potion of curing {unknown}
 n - 2 potions of magic {unknown}


   Skills:
 + Level 3.6 Dodging
 - Level 2.4 Stealth
 + Level 4.1 Spellcasting
 - Level 5.0 Summonings


You had 4 spell levels left.
You knew the following spells:

 Your Spells              Type           Power      Damage    Failure   Level
a - Summon Small Mammal   Summ           96%        N/A       8%          1
b - Call Imp              Summ           24%        N/A       12%         2
c - Call Canine Familiar  Summ           24%        N/A       24%         3

Your spell library contained the following spells:

 Spells                   Type           Power      Damage    Failure   Level
 Summon Guardian Golem    Hex/Summ       14%        N/A       54%         3
 Summon Lightning Spire   Summ/Air       14%        N/A       91%         4


Dungeon Overview and Level Annotations

Branches:
Dungeon (3/15)

Altars:


Message History

You're too confused to cast spells.
Unknown command.
Are you sure you want to stumble around while confused and next to your white imp?
Uppercase [Y]es or [N]o only, please.
Are you sure you want to stumble around while confused and next to your white imp?
You miss something. Something hits you but does no damage.
Are you sure you want to stumble around while confused and next to your white imp?
You hit something.
You hear some strange, mumbled words.
A puff of flame appears from out of thin air!
The puff of flame hits you.
Are you sure you want to stumble around while confused and next to your crimson imp? [Y]es or [N]o only, please.
Are you sure you want to stumble around while confused and next to your crimson imp?
You closely miss something. Something hits you but does no damage.
Something hits you.
You feel less confused.
You hear some strange, mumbled words.
A puff of flame appears from out of thin air!
The puff of flame hits you!
* * * LOW HITPOINT WARNING * * *
You climb upwards.
Your summoned allies are left behind.
Reactivating autopickup.
Your magical contamination has completely faded away.
There is a stone staircase leading down, spattered with blood here.
You see here a +0 dagger.
Casting: Call Imp (safe; 12% risk of failure)
Press: ? - help, Q - select action, (/) - cycle Dir - look around, f - activate You miscast Call Imp.
You are very lightly contaminated with residual magic.
Nothing appears to happen.
Casting: Call Imp (safe; 12% risk of failure)
Press: ? - help, Q - select action, (/) - cycle Dir - look around, f - activate A beastly little devil appears in a puff of frigid air.
Something hits you but does no damage.
Deactivating autopickup; reactivate with Ctrl-A.
You hear some strange, mumbled words.
A puff of flame appears from out of thin air!
The puff of flame hits you.
You die...

#.........# #......#
#.........# #.####.#
#.........####.##...#
####...........##.#....###
#..............##.#....##.
#......####....##.#.....#.
#....(.#.......##.#####.#.
#..)...#.#.....##.#####.#.
#..>...{.@.........(......
#..[[.....5...............
#......###.######.#####.#.
#......# #........#####...
######## #.#########...##.
### #....+...+..
#.####...###
######.#......# #
#.............#


You could see a friendly white imp (summoned).

Vanquished Creatures
  A dart slug (D:2)
  A hobgoblin (D:3)
2 creatures vanquished.

Vanquished Creatures (collateral kills)
  A centaur skeleton (D:2)
  2 adders (D:2)
  2 dart slugs (D:1)
  4 orcs (D:2)
  A ball python (D:1)
  4 endoplasms (D:1)
  2 giant cockroaches (D:1)
  6 goblins
  4 hobgoblins
  9 jackals
  3 kobolds (D:2)
  5 quokkas
  2 bats (D:2)
  A frilled lizard (D:1)
  3 rats (D:1)
49 creatures vanquished.

Vanquished Creatures (others)
  2 plants (D:1)
2 creatures vanquished.

Grand Total: 53 creatures vanquished

Notes
Turn   | Place    | Note
-------+----------+-------------------------------------------
     0 | D:1      | Thatpatchoflichen the Deep Elf Summoner began the quest for
                  | the Orb.
     0 | D:1      | Reached XP level 1. HP: 10/10 MP: 6/6
   818 | D:1      | Reached XP level 2. HP: 15/15 MP: 0/8
   820 | D:1      | Found a faded altar of an unknown god.
  1013 | D:1      | Learned a level 2 spell: Call Imp
  2377 | D:2      | Reached XP level 3. HP: 7/19 MP: 2/10
  2715 | D:2      | Learned a level 3 spell: Call Canine Familiar
  3001 | D:2      | Reached skill level 5 in Summonings
  3860 | D:2      | Killed from afar by an orc wizard

Illustrated notes

Levels and vault maps discovered:
D:1:      lightli_arrival_flooded_house, layout_basic,
          hellmonk_ecumenical_altar_crossroads, minmay_misc_feat_cross
D:2:      layout_basic
D:3:      layout_rooms, mainiacjoe_overflow_brackets

Skill      XL: |  1  2  3 |
---------------+----------+-----
Dodging        | 3 |  3.6
Spellcasting   | 4 |  4.1
Summonings     | 5 |  5.0
Stealth        | |  2.4

Action                   || total
-------------------------++-------
Melee: Unarmed           ||    12
       Dagger            ||     9
       Short sword       ||    15
       Hand axe          ||     3
 Cast: Summon Small Mamm ||    49
       Call Imp          ||    55
 Stab: Sleeping          ||     1
Armor: Robe              ||     4
       Ring mail         ||    33
Dodge: Dodged            ||    57
